[Event "Early-Titled-Tuesday-Blitz-January-30-2024"]
[Site "Chess.com"]
[Date "2024.01.30"]
[Round "6"]
[White "chito89"]
[Black "hakanazeri2"]
[Result "1-0"]
[WhiteElo "2904"]
[BlackElo "2611"]
[TimeControl "180+1"]
[EndTime "9:08:04 PST"]
[Termination "chito89 won by resignation"]

1. e4 c5 2. Nf3 Nc6 3. Bb5 e6 4.
O-O Qb6 5. Nc3 Nd4 6. Bd3 Nxf3+ 7. Qxf3 a6 8. b3 Qc7 9. Bb2 Bd6 10. Qh3 Nf6 11. Ne2 Be7 12. e5 Nd5 13. c4 Nb4 14. Be4 Nc6 15. f4 b5 16. d3 Bb7 17. Kh1 Nb4 18.
f5 Bxe4 19. dxe4 bxc4 20. bxc4 O-O-O 21. fxe6 fxe6 22. Rf7 Rde8 23. Rxg7 Rhf8 24. Qxh7 Rf2 25. Bc3 Bf8 26. Rg8 Rxe2 27. Qh5 1-0

[Event "Early-Titled-Tuesday-Blitz-January-30-2024"]
[Site "Chess.com"]
[Date "2024.01.30"]
[Round "6"]
[White "Hikaru"]
[Black "Aslanov_Umid"]
[Result "1-0"]
[WhiteElo "3274"]
[BlackElo "2654"]
[TimeControl "180+1"]
[EndTime "9:08:05 PST"]
[Termination "Hikaru won by checkmate"]

1. e4 c5 2. Nf3 d6 3. c3 Nf6 4.
Bd3 e6 5. Bc2 Be7 6. d4 cxd4 7.
cxd4 O-O 8. Nc3 b6 9. Qe2 Bb7 10.
O-O Nbd7 11. e5 dxe5 12. dxe5 Nd5 13. Ne4 Rc8 14. Neg5 g6 15. Rd1 Qc7 16. Bb3 Rfe8 17. Bd2 Nc5 18. Rac1 Qb8 19. Bc4 Qa8 20. Bb5 Red8 21.
b4 Nd7 22. Rxc8 Qxc8 23. Rc1 Qb8 24. a3 a6 25. Bxa6 Bxa6 26. Qxa6 Nxe5 27. Nxe5 Qxe5 28.
Nf3 Qb2 29. Rf1 Bf6 30. h4 h5 31. Bh6 e5 32. Re1 Qc2 33. Qb7 e4 34. Ng5 Bxg5 35. Bxg5 Qc8 36. Qxc8 Rxc8 37. Rxe4 Ra8 38. Bc1 Rc8 39. Bb2 Rc2 40. Re8+ Kh7 41. Rh8# 1-0

[Event "Early-Titled-Tuesday-Blitz-January-30-2024"]
[Site "Chess.com"]
[Date "2024.01.30"]
[Round "6"]
[White "chessdjw"]
[Black "chess123456s"]
[Result "1-0"]
[WhiteElo "2739"]
[BlackElo "2566"]
[TimeControl "180+1"]
[EndTime "9:08:05 PST"]
[Termination "chessdjw won on time"]

1. Nf3 Nf6 2. g3 d5 3. Bg2 g6 4. c4 c6 5. b3 Bg7 6. Bb2 O-O 7.
O-O Re8 8. d4 Bf5 9. Nc3 Ne4 10.
e3 Nxc3 11. Bxc3 Be4 12. Qe2 Nd7 13. Bh3 Bxf3 14. Qxf3 e6 15. Rfc1 f5 16. a4 Nf6 17.
b4 dxc4 18. Bf1 Qd5 19. Qe2 b5 20. axb5 cxb5 21. Bg2 Ne4 22. Ra6 e5 23. dxe5 Bxe5 24. Bxe5 Qxe5 25. Qa2 Qe7 26. Qa5 Nxf2 27. Bxa8 Qxe3 28.
Bd5+ Kg7 29. Qc7+ Re7 30. Qxe7+ Qxe7 31. Kxf2 Qxb4 32. Rd1 Qc5+ 33. Kg2 c3 34. Rc6 Qe3 35. Bf3 b4 36. Rd7+ Kh6 37. Rcc7 Kg5 38. h4+ Kf6 39. Rc6+ 1-0

[Event "Early-Titled-Tuesday-Blitz-January-30-2024"]
[Site "Chess.com"]
[Date "2024.01.30"]
[Round "6"]
[White "Pelopidass"]
[Black "Elsa167"]
[Result "0-1"]
[WhiteElo "2570"]
[BlackElo "2851"]
[TimeControl "180+1"]
[EndTime "9:08:06 PST"]
[Termination "Elsa167 won by resignation"]

1. d4 Nf6 2. Nf3 b6 3. g3 Bb7 4. Bg2 g6 5. O-O Bg7 6. c4 O-O 7. Nc3 Ne4 8. Qc2 Nxc3 9. Qxc3 d6 10. Rd1 Nd7 11. Qc2 e6 12. e4 Qe7 13. Bg5 Bf6 14.
h4 e5 15. d5 a5 16. b3 Bxg5 17. hxg5 f6 18. gxf6 Rxf6 19. Ng5 Nc5 20. Bh3 Bc8 21. Bxc8 Rxc8 22. a3 Rcf8 23. Nh3 Rf3 24. b4 Nb3 25. Ra2 Nd4 26. Qa4 axb4 27. axb4 h5 28. Kg2 h4 29.
Ra3 Qf6 30. Re3 Rxf2+ 31. Kg1 Ne2+ 0-1

[Event "Early-Titled-Tuesday-Blitz-January-30-2024"]
[Site "Chess.com"]
[Date "2024.01.30"]
[Round "6"]
[White "baki83"]
[Black "ahkashefi2800"]
[Result "0-1"]
[WhiteElo "2788"]
[BlackElo "2561"]
[TimeControl "180+1"]
[EndTime "9:08:07 PST"]
[Termination "ahkashefi2800 won by resignation"]

1. e4 c6 2. Nc3 d5 3. Nf3 dxe4 4. Nxe4 Nd7 5. d4 Ngf6 6. Neg5 h6 7. Nxf7 Kxf7 8.
Bc4+ e6 9. O-O Bd6 10. Re1 Re8 11. Bd2 a5 12. Ne5+ Bxe5 13. dxe5 Nd5 14. Qg4 Nf8 15.
Rad1 b6 16. Bd3 Ba6 17. c4 Ne7 18. Re3 Nf5 19. Bxf5 exf5 20. Qxf5+ Kg8 21. Qg4 Qd7 22. Qxd7 Nxd7 23. Bc3 Nc5 24. b3 Rad8 25. Ree1 a4 26. f4 axb3 27. axb3 Nxb3 28. f5 Bxc4 29. Rxd8 Rxd8 30.
e6 Nc5 31. Re3 Rd3 32. Kf2 Rxc3 33. Rxc3 Ne4+ 34. Ke3 Nxc3 35. Kd4 Bxe6 36. fxe6 Nd5 0-1

[Event "Early-Titled-Tuesday-Blitz-January-30-2024"]
[Site "Chess.com"]
[Date "2024.01.30"]
[Round "6"]
[White "FlemingA"]
[Black "djano"]
[Result "1-0"]
[WhiteElo "2461"]
[BlackElo "2673"]
[TimeControl "180+1"]
[EndTime "9:08:08 PST"]
[Termination "FlemingA won by resignation"]

1. e4 c5 2. Nf3 Nc6 3. Bb5 d5 4. exd5 Qxd5 5. Nc3 Qe6+ 6. Ne2 a6 7. Bxc6+ Qxc6 8.
d4 Bg4 9. d5 Qf6 10. Nf4 g5 11. Nd3 Bxf3 12. Qxf3 Qxf3 13. gxf3 O-O-O 14. c4 e6 15.
Bxg5 f6 16. Be3 exd5 17. cxd5 c4 18. Nf4 Ne7 19. Rc1 b5 20. b3 Nxd5 21. bxc4 Nxe3 22. cxb5+ Kb8 23. fxe3 Bb4+ 24. Kf2 Rd2+ 25. Ne2 Rhd8 26. bxa6 Ka7 27. f4 Rxa2 28. Kf3 Bd2 29. Rc7+ Kb6 30.
Rxh7 Rd3 31. Re7 Bb4 32. Re6+ Ka7 33. Nd4 Rxa6 34. Rxa6+ Kxa6 35. Ke4 Ra3 36. h4 Bd2 37. Rh3 Kb6 38. h5 Ra7 39. h6 Rh7 40. Kf5 Kc5 41. Kg6 Rh8 42. Kg7 Rd8 43. Ne6+ Kd6 44. Nxd8 Bc3 45. Nf7+ 1-0

[Event "Early-Titled-Tuesday-Blitz-January-30-2024"]
[Site "Chess.com"]
[Date "2024.01.30"]
[Round "6"]
[White "profedechess93"]
[Black "LimeInTheCoconut"]
[Result "1-0"]
[WhiteElo "2627"]
[BlackElo "2469"]
[TimeControl "180+1"]
[EndTime "9:08:09 PST"]
[Termination "profedechess93 won on time"]

1. e4 e5 2. Nf3 Nc6 3. Bc4 Bc5 4.
b4 Bxb4 5. c3 Be7 6. d4 Na5 7.
Be2 d6 8. Qa4+ c6 9. dxe5 dxe5 10. Nxe5 Nf6 11. O-O b5 12. Qc2 O-O 13. Rd1 Qe8 14.
Nd2 Bc5 15. Ndf3 Ng4 16. Nxg4 Bxg4 17. a4 a6 18. Bf4 Be6 19. e5 Bb3 20. Qe4 Bxd1 21.
Rxd1 Qe6 22. Ng5 Qg6 23. Qf3 Rad8 24. Re1 Be7 25. Ne4 Nc4 26. axb5 cxb5 27. Bd1 Rd7 28. Bc2 Qe6 29. Qh5 g6 30. Qh6 Nxe5 31. h3 f6 32. Ng5 fxg5 33. Bxe5 Qf7 34. Bb3 1-0

[Event "Early-Titled-Tuesday-Blitz-January-30-2024"]
[Site "Chess.com"]
[Date "2024.01.30"]
[Round "6"]
[White "deepfear"]
[Black "giovannibrandao7"]
[Result "1-0"]
[WhiteElo "1945"]
[BlackElo "2120"]
[TimeControl "180+1"]
[EndTime "9:08:09 PST"]
[Termination "deepfear won by resignation"]

1. e4 c5 2. Nc3 d6 3. f4 Nc6 4.
Nf3 g6 5. Bc4 Bg7 6. O-O e6 7.
f5 exf5 8. exf5 Bxf5 9. d3 h6 10. Re1+ Nge7 11. Bf4 O-O 12. Qd2 Kh7 13. Rab1 d5 14.
Bb3 d4 15. Ne4 Bxe4 16. Rxe4 Nd5 17. Bxd5 Qxd5 18. Bxh6 Bf6 19. Bf4 Rh8 20. Rbe1 Kg7 21.
Be5 Nxe5 22. Nxe5 Bxe5 23. Rxe5 Qd6 24. Qf2 Rae8 25. Rxe8 1-0

[Event "Early-Titled-Tuesday-Blitz-January-30-2024"]
[Site "Chess.com"]
[Date "2024.01.30"]
[Round "6"]
[White "ketster"]
[Black "Sattarov_Bobur"]
[Result "0-1"]
[WhiteElo "2592"]
[BlackElo "2776"]
[TimeControl "180+1"]
[EndTime "9:08:11 PST"]
[Termination "Sattarov_Bobur won on time"]

1. Nf3 d5 2. d4 Nf6 3. c4 e6 4.
Nc3 Be7 5. Bg5 O-O 6. e3 c6 7. Bd3 Nbd7 8. O-O Nh5 9. Bxe7 Qxe7 10. Ne5 Nhf6 11. e4 dxe4 12. Nxe4 Rd8 13. Qe2 Nf8 14. Rad1 Nxe4 15. Bxe4 Bd7 16. f4 f6 17. Nd3 Be8 18.
Nc5 Bf7 19. Rfe1 Rd6 20. Bf3 Rad8 21. Qe3 Qc7 22. Ne4 R6d7 23. Nc5 Rd6 24. Ne4 R6d7 25. Nc5 Re7 26. Kh1 b6 27. Nb3 Red7 28. Rc1 Ng6 29. g3 Ne7 30. Be4 Nf5 31. Bxf5 exf5 32. Kg1 h5 33. Re2 h4 34. gxh4 Bh5 35. Rg2 Re7 36. Qg3 Rde8 37. Rf1 Re3 38. Qf2 Qd6 39. Rg3 Re2 0-1

[Event "Early-Titled-Tuesday-Blitz-January-30-2024"]
[Site "Chess.com"]
[Date "2024.01.30"]
[Round "6"]
[White "themind1hunter"]
[Black "Alexei_Kornev"]
[Result "1-0"]
[WhiteElo "2550"]
[BlackElo "2709"]
[TimeControl "180+1"]
[EndTime "9:08:11 PST"]
[Termination "themind1hunter won by resignation"]

1. e4 c5 2. Nf3 d6 3. d4 cxd4 4. Nxd4 Nf6 5. Nc3 a6 6. Be3 e6 7.
f3 b5 8. Qd2 Nbd7 9. g4 h6 10.
O-O-O b4 11. Nce2 Ne5 12. Ng3 Qc7 13. Kb1 Be7 14. h4 Nc4 15. Bxc4 Qxc4 16. g5 Nd7 17. Nh5 Bf8 18. b3 Qc7 19. g6 Nc5 20. gxf7+ Qxf7 21. Ng3 a5 22. Nb5 Qd7 23. Bxc5 Qxb5 24. Bxd6 Bd7 25. Qd4 Bxd6 26. Qxd6 a4 27. Nh5 Rg8 28.
Rhg1 axb3 29. cxb3 Ra7 30. Nf6+ Kf7 31. Nxd7 Re8 32.
Qf4+ Ke7 33. Rxg7+ 1-0

[Event "Early-Titled-Tuesday-Blitz-January-30-2024"]
[Site "Chess.com"]
[Date "2024.01.30"]
[Round "6"]
[White "Heinza9"]
[Black "akanga001"]
[Result "1-0"]
[WhiteElo "2300"]
[BlackElo "1978"]
[TimeControl "180+1"]
[EndTime "9:08:11 PST"]
[Termination "Heinza9 won by checkmate"]

1. e4 d6 2. d4 g6 3. Nc3 Bg7 4.
Be2 b6 5. g4 h6 6. f4 Bb7 7.
Nf3 c5 8. d5 Nd7 9. O-O Ngf6 10. Nh4 a6 11. a4 Qc7 12. Bf3 O-O 13. Be3 Rac8 14. Qd2 Kh7 15. Kh1 Qb8 16. Rf2 Ba8 17. Qe2 c4 18. Rd1 b5 19. axb5 axb5 20. Bd4 b4 21.
Nb1 Nc5 22. Nd2 b3 23. cxb3 Nxb3 24. Nxb3 Qxb3 25. g5 Nd7 26. Bxg7 Kxg7 27. gxh6+ Kxh6 28. f5 g5 29. Ng2 Ne5 30. h4 c3 31. hxg5+ Kxg5 32. Qe3+ Kf6 33. Qh6+ Ng6 34. fxg6 Rh8 35. Bh5+ Ke5 36. Qf4# 1-0

[Event "Early-Titled-Tuesday-Blitz-January-30-2024"]
[Site "Chess.com"]
[Date "2024.01.30"]
[Round "6"]
[White "GMKrikor"]
[Black "Sanan_Sjugirov"]
[Result "1-0"]
[WhiteElo "2810"]
[BlackElo "2987"]
[TimeControl "180+1"]
[EndTime "9:08:12 PST"]
[Termination "GMKrikor won by resignation"]

1. Nf3 Nf6 2. c4 e6 3. Nc3 d5 4. cxd5 exd5 5. d4 c6 6. Bf4 Be7 7. e3 Bf5 8. h3 Qb6 9. Bd3 Bxd3 10. Qxd3 Nbd7 11. O-O O-O 12. Rab1 Rfe8 13. b4 a6 14. Rfc1 Bf8 15. Na4 Qd8 16. Nc5 Qc8 17. a4 Nb6 18.
Nd2 Nbd7 19. Nxd7 Qxd7 20. b5 axb5 21. axb5 Rec8 22. bxc6 Rxc6 23. Be5 Ra3 24. Qe2 Ra2 25. Qd1 Ne8 26. Rxc6 Qxc6 27. Nf3 Nd6 28. Bxd6 Bxd6 29.
Qb3 Ra3 30. Qb2 Rc3 31. g3 Qc4 32.
Qxb7 Rc2 33. Qa8+ Bf8 34. Rb8 h6 35. Rxf8+ 1-0

[Event "Early-Titled-Tuesday-Blitz-January-30-2024"]
[Site "Chess.com"]
[Date "2024.01.30"]
[Round "6"]
[White "EsmeraldasAnderson03"]
[Black "Lion-Al-Messi"]
[Result "0-1"]
[WhiteElo "2408"]
[BlackElo "2560"]
[TimeControl "180+1"]
[EndTime "9:08:12 PST"]
[Termination "Lion-Al-Messi won by checkmate"]

1. d4 d5 2. c4 c6 3. cxd5 cxd5 4.
Nc3 Nf6 5. Bf4 Nc6 6. e3 Bg4 7. Nf3 e6 8. h3 Bh5 9. Bd3 Be7 10.
O-O O-O 11. a3 Rc8 12. Rc1 Na5 13. b4 Nc4 14. Bxc4 Rxc4 15. Qb3 Bxf3 16. gxf3 Nh5 17. Bh2 Bd6 18. Ne2 Qg5+ 19. Kh1 Qf5 20. Ng1 Bxh2 21.
Kxh2 Rfc8 22. Rxc4 dxc4 23. Qc3 b5 24. Kg2 Qg6+ 25.
Kh2 Rd8 26. a4 Rd5 27. f4 h6 28. axb5 Qe4 29. Ne2 Qf3 30. Ng1 Qe4 31. f3 Qf5 32. Ne2 Rxb5 33. Qxc4 Rb8 34. Rg1 g6 35. Ng3 Nxg3 36.
Kxg3 a5 37. bxa5 Qxa5 38. Rc1 Rb2 39. Qc8+ Kg7 40. Qc3 Qa2 41. d5+ Kh7 42. Rg1 Rh2 43. Qe1 Re2 44. Qd1 exd5 45. f5 Qa6 46. Qd4 Qd6+ 47.
Qf4 Qf6 48. fxg6+ Qxg6+ 49. Qg4 Qd6+ 50. Qf4 Qe6 51. e4 dxe4 52. fxe4 Rxe4 53. Qf2 Re3+ 54.
Kh4 Qxh3# 0-1

[Event "Early-Titled-Tuesday-Blitz-January-30-2024"]
[Site "Chess.com"]
[Date "2024.01.30"]
[Round "6"]
[White "leotobares"]
[Black "verrbaa"]
[Result "1-0"]
[WhiteElo "2368"]
[BlackElo "2456"]
[TimeControl "180+1"]
[EndTime "9:08:13 PST"]
[Termination "leotobares won on time"]

1. Nf3 Nf6 2. c4 g6 3. Nc3 Bg7 4. d4 d5 5. cxd5 Nxd5 6. e4 Nxc3 7. bxc3 c5 8. Bb5+ Nc6 9. O-O O-O 10. Bxc6 bxc6 11.
Be3 Bg4 12. dxc5 Bxc3 13. Rb1 Qa5 14. Qb3 Be6 15. Qb7 Bxa2 16. Rbc1 Bc4 17. Rfd1 Be2 18.
Rd7 Bxf3 19. gxf3 Bf6 20. Qxc6 Qa3 21. Qd5 e6 22. Qd2 a5 23. c6 Rfc8 24. c7 Qb4 25. Qd3 a4 26. e5 Bh4 27. Rc4 Qa5 28. Rxh4 a3 29. Rxf7 a2 30. Rhxh7 a1=Q+ 31. Kg2 Q5xe5 32. Qxg6+ 1-0

[Event "Early-Titled-Tuesday-Blitz-January-30-2024"]
[Site "Chess.com"]
[Date "2024.01.30"]
[Round "6"]
[White "bilosuvenosu06"]
[Black "brm72"]
[Result "0-1"]
[WhiteElo "2530"]
[BlackElo "2689"]
[TimeControl "180+1"]
[EndTime "9:08:14 PST"]
[Termination "brm72 won by resignation"]

1. d4 Nf6 2. Nf3 e6 3. Bf4 c5 4.
e3 b6 5. Nbd2 Bb7 6. Bd3 Nc6 7.
c3 d5 8. Qe2 Bd6 9. O-O O-O 10.
Bxd6 Qxd6 11. e4 dxe4 12. Nxe4 Nxe4 13. Qxe4 g6 14. Qh4 Kg7 15. Rad1 cxd4 16. Be4 Qc7 17. Nxd4 Nxd4 18. Rxd4 Bxe4 19. Qxe4 Rad8 20. Rfd1 Rxd4 21. Qxd4+ e5 22. Qd7 Rc8 23. h3 a6 24. Qxc7 Rxc7 25. Rd6 Rb7 26. Kf1 Kf8 27. Rd5 f6 28. Ke2 Ke7 29.
Ke3 Ke6 30. Rd8 f5 31. f4 e4 32. g4 Rd7 33. Re8+ Kf7 34. Rb8 b5 35. gxf5 gxf5 36.
Ke2 Rd3 37. Rb7+ Kg6 38. Rb6+ Kg7 39. Rb7+ Kg6 40. Rb6+ Kh5 41. Rf6 Rd5 42. Rxa6 Kh4 43. Rh6+ Kg3 44. Rxh7 Kxf4 45. b3 Rd3 46. Rc7 Rxh3 47.
a4 Rh2+ 48. Ke1 bxa4 49. bxa4 Ke3 50. Kf1 f4 51. a5 f3 52. Kg1 Ra2 53. Rf7 Rxa5 54.
c4 Rc5 55. Kh2 Rxc4 56. Kg3 Rc8 57. Rg7 Ke2 58. Kf4 f2 0-1

[Event "Early-Titled-Tuesday-Blitz-January-30-2024"]
[Site "Chess.com"]
[Date "2024.01.30"]
[Round "6"]
[White "Akylbek2021"]
[Black "Smile2005"]
[Result "0-1"]
[WhiteElo "2275"]
[BlackElo "2455"]
[TimeControl "180+1"]
[EndTime "9:08:16 PST"]
[Termination "Smile2005 won on time"]

1. e4 c5 2. Nf3 e6 3. d4 cxd4 4. Nxd4 a6 5. c4 Nf6 6. Nc3 Qc7 7. Qd3 Nc6 8. Nc2 Bc5 9. Be3 Ne5 10. Qd2 O-O 11. Be2 Neg4 12. Bxc5 Qxc5 13. O-O b6 14. Bxg4 Nxg4 15. Qd4 Qc7 16. f4 Bb7 17. Rad1 Rad8 18. h3 e5 19. Qd6 Qxd6 20. Rxd6 Nf6 21. Rxb6 Bxe4 22. fxe5 Bxc2 23. exf6 Rb8 24. Nd5 Rxb6 25. Nxb6 Rb8 26. c5 d6 27. cxd6 Rxb6 28. d7 Rb8 29.
Re1 Ba4 30. Re7 gxf6 31. b3 Bc6 0-1

[Event "Early-Titled-Tuesday-Blitz-January-30-2024"]
[Site "Chess.com"]
[Date "2024.01.30"]
[Round "6"]
[White "garfield_pg"]
[Black "ChEsper99"]
[Result "1-0"]
[WhiteElo "2460"]
[BlackElo "2145"]
[TimeControl "180+1"]
[EndTime "9:08:17 PST"]
[Termination "garfield_pg won by resignation"]

1. d4 Nf6 2. c4 g6 3. Nc3 Bg7 4. e4 d6 5. Nge2 O-O 6. Ng3 e5 7. d5 a5 8. Be2 Na6 9. h4 c6 10. h5 Rb8 11. h6 Bh8 12. Bg5 Qc7 13. Qd2 Ne8 14. Rd1 f6 15. Be3 Bd7 16. a3 f5 17. exf5 gxf5 18. Bg5 Bf6 19. Bh5 b5 20. Bxf6 Rxf6 21. Qg5+ Kh8 22. Bxe8 Bxe8 23. Qxf6+ Kg8 24.
Nxf5 Rb7 25. dxc6 Bxc6 26. Rxd6 Be8 27. Nd5 Qf7 28. Nde7+ 1-0

[Event "Early-Titled-Tuesday-Blitz-January-30-2024"]
[Site "Chess.com"]
[Date "2024.01.30"]
[Round "6"]
[White "Martial2008"]
[Black "Orest_Vovk"]
[Result "1-0"]
[WhiteElo "2684"]
[BlackElo "2496"]
[TimeControl "180+1"]
[EndTime "9:08:18 PST"]
[Termination "Martial2008 won on time"]

1. d4 h6 2. Nf3 g5 3. e4 Bg7 4.
h4 g4 5. Ne5 Bxe5 6. dxe5 d6 7.
Bc4 Nc6 8. e6 Bxe6 9. Bxe6 fxe6 10. Qxg4 Kd7 11. Nc3 Nf6 12. Qe2 Qg8 13. f3 Nd4 14.
Qf2 c5 15. Be3 e5 16. O-O-O Qc4 17. Kb1 b5 18. Nd5 Nxd5 19. exd5 b4 20. Bxd4 cxd4 21. f4 Rhf8 22. g3 Qxd5 23. Rhe1 Rac8 24. Qe2 Rf5 25. Qg4 Qe6 26. Rxd4 a5 27. fxe5 Rxe5 28. Rxe5 Qxg4 29. Rxg4 dxe5 30. Rg6 Rf8 31. Kc1 Rf3 32. Kd2 e4 33. Ke2 h5 34. Rg5 Kd6 35. Rxa5 Rxg3 36. Rxh5 Rg2+ 37. Ke3 e5 38. Kxe4 Rxc2 39. Rh6+ 1-0

[Event "Early-Titled-Tuesday-Blitz-January-30-2024"]
[Site "Chess.com"]
[Date "2024.01.30"]
[Round "6"]
[White "tolia123"]
[Black "Kotofeyca"]
[Result "1-0"]
[WhiteElo "2163"]
[BlackElo "2374"]
[TimeControl "180+1"]
[EndTime "9:08:18 PST"]
[Termination "tolia123 won by resignation"]

1. d4 d5 2. Nc3 Bf5 3. Bf4 e6 4.
e3 Nf6 5. f3 Bd6 6. Nge2 h6 7. g4 Bh7 8. h4 c5 9. dxc5 Bxc5 10.
g5 Nh5 11. Qd2 Nxf4 12. Nxf4 Qb6 13. Na4 Bxe3 14. Qc3 Qd4 15. Bb5+ Nd7 16. Qxd4 Bxd4 17. Rd1 Be3 18. Nxd5 exd5 19. Rxd5 O-O-O 20. Ke2 Bb6 21. Rhd1 Rhe8+ 22. Kf1 Re7 23. c4 a6 24. Bxd7+ Rexd7 25. Nxb6+ Kc7 26. Rxd7+ Rxd7 27. Nxd7 Bc2 28. Rd2 Bf5 29. Ne5 f6 30. gxf6 gxf6 31. Ng4 h5 32. Nxf6 Kc6 33. Nxh5 Kc5 34. b3 Kb4 35. Nf6 Kc3 36.
Rh2 1-0

[Event "Early-Titled-Tuesday-Blitz-January-30-2024"]
[Site "Chess.com"]
[Date "2024.01.30"]
[Round "6"]
[White "BocharovD"]
[Black "LiemLe"]
[Result "1-0"]
[WhiteElo "2862"]
[BlackElo "3077"]
[TimeControl "180+1"]
[EndTime "9:08:20 PST"]
[Termination "BocharovD won by resignation"]

1. c4 e6 2. Nc3 d5 3. d4 Nf6 4.
cxd5 exd5 5. Bg5 Bb4 6. e3 h6 7. Bh4 g5 8. Bg3 h5 9. h3 Ne4 10. Ne2 Nxg3 11. Nxg3 h4 12. Nh5 c6 13. Be2 f5 14.
O-O Qe7 15. a3 Bd6 16. b4 Bc7 17. Rc1 Kd8 18. b5 Nd7 19. bxc6 bxc6 20. Qc2 Nb6 21. Na4 Nxa4 22. Qxa4 Bd7 23. Rc3 g4 24. hxg4 fxg4 25. Bxg4 Bxg4 26. Qxc6 Rc8 27. Qxd5+ Ke8 28. Nf4 Bxf4 29.
Rxc8+ Bxc8 30. exf4 Rh6 31. Rc1 Bd7 32. Qg8+ Qf8 33.
Re1+ Re6 34. Rxe6+ Bxe6 35. Qxe6+ Kd8 36. f5 Qxa3 37. f6 Qc1+ 38. Kh2 Qf4+ 39. Kh3 Qxf2 40. Qg8+ Kd7 41. f7 Qf5+ 42. Kxh4 Qf4+ 43. Kh3 Qf5+ 44. g4 Qf3+ 45. Kh4 Qf6+ 46. Kh5 1-0

[Event "Early-Titled-Tuesday-Blitz-January-30-2024"]
[Site "Chess.com"]
[Date "2024.01.30"]
[Round "6"]
[White "yuriydovzik"]
[Black "NovakRatko"]
[Result "0-1"]
[WhiteElo "2209"]
[BlackElo "2384"]
[TimeControl "180+1"]
[EndTime "9:08:20 PST"]
[Termination "NovakRatko won on time"]

1. a3 d5 2. d4 c5 3. dxc5 a5 4. c4 d4 5. Nf3 Nc6 6. e3 e5 7.
exd4 exd4 8. Bd3 Bxc5 9. O-O Bg4 10. h3 Bh5 11. Nbd2 Nf6 12. Re1+ Be7 13. Nf1 O-O 14. Ng3 Bg6 15. Nf5 Bd6 16. Bg5 h6 17. Bh4 Bxf5 18.
Bxf5 g5 19. Bg3 Bxg3 20. fxg3 Qd6 21. g4 Rad8 22. Qd3 Rfe8 23. Kf2 Nd7 24. Bxd7 Qxd7 25. Rxe8+ Rxe8 26. Re1 Rxe1 27. Kxe1 Qd6 28. Kf2 Qf4 29. Qd2 Qe4 30. Qe2 Qb1 31. Qd2 d3 32. Ke3 a4 33.
Ke4 Kg7 0-1

[Event "Early-Titled-Tuesday-Blitz-January-30-2024"]
[Site "Chess.com"]
[Date "2024.01.30"]
[Round "6"]
[White "AlexeiShirov"]
[Black "arenal72"]
[Result "1-0"]
[WhiteElo "2757"]
[BlackElo "2582"]
[TimeControl "180+1"]
[EndTime "9:08:21 PST"]
[Termination "AlexeiShirov won by resignation"]

1. e4 e5 2. Nf3 Nc6 3. Bb5 a6 4. Ba4 Nf6 5. O-O Nxe4 6. d4 Be7 7. Re1 b5 8. Rxe4 d5 9. Nxe5 Nxe5 10. Rxe5 bxa4 11. Nc3 O-O 12. Rxd5 Bd6 13. Bf4 Be6 14.
Rxd6 cxd6 15. Nxa4 Re8 16. b3 Bf5 17. c4 Re4 18. Be3 Rb8 19. Nc3 Re6 20. Qf3 Bg6 21.
h3 h6 22. d5 Re5 23. Bd4 Re8 24. Rd1 Qh4 25. Qg4 Qe7 26. h4 h5 27. Qg3 Kh7 28.
Kh2 Qd7 29. f3 Qf5 30. Ne4 Rxe4 31. fxe4 Qxe4 32. Be3 Re8 33. Bf4 Qc2 34. Re1 Rxe1 35. Qxe1 Qxa2 36. Qg3 Bc2 37. Bxd6 Qxb3 38. Bf8 Bg6 39.
Qxb3 1-0

[Event "Early-Titled-Tuesday-Blitz-January-30-2024"]
[Site "Chess.com"]
[Date "2024.01.30"]
[Round "6"]
[White "marik_spb"]
[Black "Eagle_2019"]
[Result "0-1"]
[WhiteElo "2449"]
[BlackElo "2814"]
[TimeControl "180+1"]
[EndTime "9:08:22 PST"]
[Termination "Eagle_2019 won on time"]

1. d4 d5 2. c4 e6 3. Nf3 Nf6 4. g3 Be7 5. Bg2 O-O 6. O-O c6 7. Nbd2 Nbd7 8. Qc2 b6 9. e4 dxc4 10.
Nxc4 Bb7 11. Rd1 c5 12. Nfe5 cxd4 13. Rxd4 Qc7 14. Nxd7 Nxd7 15. Qe2 Rac8 16. Be3 Bf6 17. Rxd7 Qxd7 18. e5 Bxg2 19. exf6 Qd5 20. Qg4 g6 21. Ne5 Bh1 22. f3 Qxe5 23. Bd4 Bxf3 24. Qh4 Qe4 25. Qxe4 Bxe4 26. Re1 Bd5 27. a3 Rfd8 28. Bc3 Bb7 29. h4 Rd3 30. Kh2 h6 31. h5 gxh5 32.
Re5 Kh7 33. Rxh5 Rg8 34. Rh3 Rg5 35. Bb4 Rf5 0-1

[Event "Early-Titled-Tuesday-Blitz-January-30-2024"]
[Site "Chess.com"]
[Date "2024.01.30"]
[Round "6"]
[White "ajkom197"]
[Black "MaxLeto"]
[Result "1/2-1/2"]
[WhiteElo "2529"]
[BlackElo "2375"]
[TimeControl "180+1"]
[EndTime "9:08:22 PST"]
[Termination "Game drawn by repetition"]

1. Nf3 d5 2. e3 c6 3. c4 Nf6 4. Nc3 g6 5. cxd5 cxd5 6. d4 Bg7 7. Be2 O-O 8. O-O Nc6 9. Bd2 Bg4 10. h3 Bxf3 11.
Bxf3 e6 12. Rc1 Rc8 13. Na4 Nd7 14. Qb3 Rc7 15. Nc5 Nxc5 16. Rxc5 Qd6 17. Rfc1 Rfc8 18. a3 h5 19. Bb4 Qd7 20. Be1 Bf8 21. R5c2 Bd6 22.
Qd3 Ne7 23. Bd1 Nf5 24. Rxc7 Rxc7 25. Rxc7 Qxc7 26. Bc3 Qc6 27. Bf3 Bb8 28. e4 Nh4 29. exd5 Nxf3+ 30. Qxf3 Qxd5 31. Qxd5 exd5 32. a4 Kg7 33. Kf1 Kf6 34. Ke2 Kf5 35. f3 Kf4 36. Be1 Bd6 37. b3 Ba3 38. Kf2 Bc1 39. g3+ Kf5 40.
Ke2 Bb2 41. Kd3 Ba3 42. Bd2 Bd6 43. g4+ Ke6 44. Bg5 hxg4 45. fxg4 f5 46. Ke3 fxg4 47.
hxg4 a6 48. Bf4 Bb4 49. Bc7 Be7 50. Be5 Bg5+ 51. Kd3 Be7 52. Bg3 Bf6 53. Bf2 Be7 54.
Bg3 Bf6 55. Bf2 Be7 56. Bg3 1/2-1/2

[Event "Early-Titled-Tuesday-Blitz-January-30-2024"]
[Site "Chess.com"]
[Date "2024.01.30"]
[Round "6"]
[White "eagleclaw07"]
[Black "jens1102"]
[Result "1-0"]
[WhiteElo "2750"]
[BlackElo "2574"]
[TimeControl "180+1"]
[EndTime "9:08:23 PST"]
[Termination "eagleclaw07 won by resignation"]

1. d4 d5 2. Nf3 Nf6 3. c4 dxc4 4. e3 e6 5. Bxc4 c5 6. O-O Nc6 7. Nc3 a6 8. a4 cxd4 9. exd4 Be7 10. d5 exd5 11.
Nxd5 Nxd5 12. Qxd5 Qxd5 13. Bxd5 Nb4 14. Be4 O-O 15.
Bd2 Rb8 16. Bf4 Ra8 17. Rac1 f5 18. Bb1 Bf6 19. Bd6 a5 20. Bxf8 Kxf8 21. b3 Be6 22.
Rc5 Bxb3 23. Bxf5 Bxa4 24. Rc7 Bc6 25. Be6 a4 26. Rf7+ Ke8 27. Re1 Kd8 28. Rf8+ Be8 29. Bf7 Kc7 30. Rfxe8 Ra7 31. Rc1+ Kb6 32. Re6+ Kb5 33.
Be8+ Nc6 34. Bxc6+ bxc6 35. Rexc6 a3 36. Nd2 a2 37. Nb3 Ra3 38. R6c2 Kb4 39. Na1 Ra8 40. Re2 Ka3 41. Rcc2 Rd8 42. Rxa2+ Kb4 43. Nc2+ Kc3 44.
Ne3 Rb8 45. g3 1-0

[Event "Early-Titled-Tuesday-Blitz-January-30-2024"]
[Site "Chess.com"]
[Date "2024.01.30"]
[Round "6"]
[White "jjlai1111"]
[Black "Timerkhanov"]
[Result "0-1"]
[WhiteElo "2329"]
[BlackElo "2663"]
[TimeControl "180+1"]
[EndTime "9:08:23 PST"]
[Termination "Timerkhanov won by resignation"]

1. d4 d5 2. c4 dxc4 3. e3 Be6 4. Nd2 c5 5. Ngf3 Nc6 6. Nxc4 cxd4 7. exd4 Nf6 8. Be3 Bd5 9. Be2 e6 10. O-O Be7 11. Nce5 O-O 12. a3 Rc8 13. b4 a6 14.
Rc1 Ne4 15. Nxc6 Bxc6 16. Ne5 Bd5 17. Qd3 Bd6 18. Rxc8 Qxc8 19. Rc1 Qd8 20. Bf3 Nf6 21. Bxd5 Nxd5 22. Nc4 Bc7 23. Qe4 Qe7 24. Bd2 Rd8 25. Ne5 h6 26. h3 Bb6 27. Nc4 Nf6 28. Qe2 Bxd4 29. Bf4 Nd5 30. Bg3 Ba7 31. Na5 Qg5 32. Rc5 b6 33. Qxa6 bxc5 34. Qb7 Bb6 35. Nc6 Rf8 36.
Bd6 cxb4 37. Bxf8 Qc1+ 38. Kh2 Bxf2 39. h4 Qf4+ 0-1